 Dungeon Crawl Stone Soup version 0.28.0-53-g5a82cb258f (webtiles) character file.

Game seed: 11937104055498433777

245 Gabide the Bolt Thrower (level 6, -3/43 (51) HPs)
             Began as a Barachi Hunter on June 18, 2022.
             Slain by a wight
             ... wielding a +1 war axe
              (10 damage)
             ... on level 3 of the Dungeon.
             The game lasted 00:04:38 (3538 turns).

Gabide the Bolt Thrower (Barachi Hunter)            Turns: 3538, Time: 00:04:39

HP:   -3/43 (51)    AC:  5    Str: 14    XL:     6   Next: 10%
MP:   6/6           EV: 15    Int: 11    God:
Gold: 89            SH:  0    Dex: 14    Spells: 5/5 levels left

rFire   . . .      SeeInvis .   b - +7 short sword (freeze)
rCold   . . .      Faith    .   (no shield)
rNeg    . . .      Spirit   .   g - +0 ring mail
rPois   .          Reflect  .   (no helmet)
rElec   .          Harm     .   (no cloak)
rCorr   .          Rampage  .   (no gloves)
Will    .....                   (no boots)
Stlth   +.........              (no amulet)
HPRegen 0.14/turn               f - +4 ring of evasion
MPRegen 0.10/turn               (no ring)

@: about to teleport, unable to hop, heavily drained, slow
A: amphibious, slowness 1, strong legs 1, +LOS
a: Hop


You were on level 3 of the Dungeon.
You visited 1 branch of the dungeon, and saw 4 of its levels.

You collected 89 gold pieces.

Inventory:

Hand Weapons
 a - a +1 hand crossbow
 b - a +7 short sword of freezing (weapon)
Missiles
 d - 49 bolts
 e - 6 javelins (quivered)
Armour
 g - a +0 ring mail (worn)
 j - a +0 leather armour of fire resistance
Jewellery
 f - a +4 ring of evasion (left hand)
Scrolls
 c - a scroll of fear
 h - a scroll of magic mapping
 i - a scroll of vulnerability
 l - a scroll of enchant weapon {unknown}


   Skills:
 + Level 5.5 Fighting
 * Level 0.0 Short Blades
 + Level 5.8 Crossbows
 - Level 2.1 Dodging
 - Level 0.8 Stealth


You had 5 spell levels left.
You didn't know any spells.
Your spell library contained the following spells:

 Spells                   Type           Power      Damage    Failure   Level
 Corpse Rot               Necr/Air       0%         N/A       73%         2
 Poisonous Vapours        Pois/Air       0%         N/A       73%         2


Dungeon Overview and Level Annotations

Branches:
Dungeon (4/15)
 Temple: D:4-7

Altars:


Innate Abilities, Weirdness & Mutations

You are amphibious.
You cover ground slowly.
You can hop short distances.
You have an extended range of vision and can be seen from far away.


Message History

The wight hits you with a +0 falchion.
You feel drained. The wight hits you but does no damage. The wight misses you.
There is a stone staircase leading up, spattered with blood here.
You are ready to hop once more.
The wight misses you. The wight hits you but does no damage.
You climb upwards.
There is a stone staircase leading down here.
The wight barely misses you. The wight completely misses you.
The wight closely misses you.
Things that are here:
a +0 robe; a +0 short sword Hop to where?
Press: ? - help, Dir - move target Boing!
Your +7 short sword of freezing stops glowing.
a - a +1 hand crossbow (weapon)
You shoot a bolt. The bolt barely misses the wight.
You shoot a bolt. The bolt closely misses the wight.
Your +7 short sword of freezing glows with a cold blue light!
b - a +7 short sword of freezing (weapon)
The wight misses you. The wight hits you with a +0 falchion.
You feel drained.
You closely miss the wight. The wight hits you with a +1 war axe!
The wight barely misses you.
You hit the wight.
The wight is moderately damaged.
The wight hits you with a +1 war axe.
You feel drained. The wight closely misses you.
You hit the wight.
The wight is heavily damaged.
The wight misses you. The wight hits you with a +0 falchion!
* * * LOW HITPOINT WARNING * * *
You feel drained.
* * * LOW HITPOINT WARNING * * *
The wight closely misses you. The wight hits you but does no damage.
You can't see any enemies this would affect, really read the scroll of fear?
Okay, then.
As you read the scroll labelled RUZUIB DAUTIER, it crumbles to dust.
You feel strangely unstable.
It was a scroll of teleportation.
The wight hits you with a +1 war axe!
You die...

.# .# .# .# .###### ......##
.##....#
.##....########################
................@z.........(..#
.................z.....[..>##.#
.#............#####+#########.#
..............# #.....# #.#
......#.......###.....# #.#
......#....)..........# #.#
.#'#.##.....))........# #.#
.#.#.##.....)...).....# #.#
.#.#.###.####'###.....#######.#


You could see 2 wights.

Vanquished Creatures
  A wight (D:3)
  A jelly (D:4)
  2 iguanas
  6 adders
  2 worms
  A dart slug (D:3)
  5 orcs (D:3)
  4 ball pythons
  5 bats
  8 endoplasms
  3 giant cockroaches
  2 goblins
  4 hobgoblins
  4 jackals (D:1)
  4 quokkas
  4 frilled lizards
  4 kobolds
  4 rats (D:1)
64 creatures vanquished.

Notes
Turn   | Place    | Note
-------+----------+-------------------------------------------
     0 | D:1      | Gabide the Barachi Hunter began the quest for the Orb.
     0 | D:1      | Reached XP level 1. HP: 17/17 MP: 1/1
   172 | D:1      | Reached XP level 2. HP: 13/23 MP: 2/2
   544 | D:1      | Found a faded altar of an unknown god.
   915 | D:1      | Reached XP level 3. HP: 25/29 MP: 3/3
  1698 | D:2      | Reached XP level 4. HP: 34/37 MP: 4/4
  2573 | D:3      | Reached skill level 5 in Crossbows
  2631 | D:3      | Reached XP level 5. HP: 33/43 MP: 5/5
  3441 | D:4      | Reached skill level 5 in Fighting
  3509 | D:3      | Reached XP level 6. HP: 51/51 MP: 6/6
  3538 | D:3      | Slain by a wight

Illustrated notes

Levels and vault maps discovered:
D:1:      lemuel_arrival_hallway, layout_loops_ring,
          shapermc_ecumenical_altar_notcrosses
D:2:      kb_forest_paths, layout_basic
D:3:      minmay_evil_eye, layout_basic
D:4:      layout_rooms, minmay_temple_entry_gardened_gates, serial_rivers,
          chequers_serial_rivers_micro_b, chequers_serial_rivers_micro_c,
          chequers_serial_rivers_micro_e, chequers_serial_rivers_small_b,
          chequers_serial_rivers_micro_e, chequers_serial_rivers_micro_c,
          minmay_misc_feat_x

Skill      XL: |  1  2  3  4  5 |
---------------+----------------+-----
Fighting       | 3 4 5 |  5.5
Crossbows      | 5 |  5.8
Dodging        | |  2.1
Stealth        | |  0.8

Action                   |  1- 3 |  4- 6 || total
-------------------------+-------+-------++-------
Melee: Short sword       |   146 |    72 ||   218
       Punch             |     1 |     2 ||     3
 Fire: Hand crossbow     |     8 |    41 ||    49
 Abil: Hop               |       |     4 ||     4
  Use: Scroll            |       |     4 ||     4
 Stab: Sleeping          |     1 |       ||     1
Armor: Leather armour    |    31 |       ||    31
       Ring mail         |     3 |    31 ||    34
Dodge: Dodged            |   100 |    48 ||   148
